 Dungeon Crawl Stone Soup version 0.22-a0-301-gf0fe05c (webtiles) character file.

619 CanOfBees the Ruffian (level 7, -1/64 HPs)
             Began as a Ghoul Monk on Mar 26, 2018.
             Slain by a big kobold zombie (2 damage)
             ... in an ossuary.
             The game lasted 00:08:10 (3501 turns).

CanOfBees the Ruffian (Ghoul Monk)                  Turns: 3501, Time: 00:08:10

Health: -1/64      AC:  5    Str: 17    XL:     7   Next: 46%
Magic:  6/6        EV: 11    Int:  5    God:
Gold:   155        SH:  0    Dex: 11    Spells: 6/6 levels left

rFire    . . .     SeeInvis .     - Unarmed
rCold    + . .     Gourm    .   (no shield)
rNeg     + + +     Faith    .   h - +0 ring mail (curse)
rPois    ∞         Spirit   .   (no helmet)
rElec    .         Reflect  .   (no cloak)
rCorr    +         Harm     .   (no gloves)
MR       .....                  (no boots)
Stlth    +.........             (no amulet)
HPRegen  0.00/turn              n - ring of resist corrosion
MPRegen  0.10/turn              (no ring)

@: rotting
A: rotting body, claws 1, carnivore, cold resistance 1, negative energy
resistance 3, inhibited regeneration, torment resistance, unbreathing
a: no special abilities


You were in an ossuary.
You were not hungry.

You visited 2 branches of the dungeon, and saw 6 of its levels.
You also visited: Sewer and Ossuary.

You collected 155 gold pieces.

Inventory:

Hand Weapons
 i - a +0 hunting sling
 r - the +9 falchion of Fate {slice, +Blink rElec rC- MP+9}
   (You found it in a sewer)

   It inflicts extra damage upon your enemies.
   It makes you vulnerable to cold.
   It insulates you from electricity.
   It affects your magic capacity (+9).
   It lets you blink.
Missiles
 d - 26 poisoned needles
 k - 2 throwing nets (quivered)
Armour
 h - a cursed +0 ring mail (worn)
 q - a +1 ring mail of cold resistance
Jewellery
 n - a ring of resist corrosion (left claw)
 y - a cursed +4 ring of intelligence {unknown}
Wands
 w - a wand of iceblast (7)
Scrolls
 c - a scroll of identify
 e - a scroll of immolation {unknown}
 j - a scroll of teleportation
 l - 4 scrolls of remove curse {unknown}
 t - a scroll of amnesia {unknown}
 u - a scroll of enchant weapon {unknown}
Potions
 a - 3 potions of lignification
 f - a potion of might
 g - 4 potions of curing {unknown}
 m - a potion of mutation {unknown}
 o - a potion of magic {unknown}
 p - 2 potions of berserk rage {unknown}
 s - 2 potions of agility {unknown}
 x - 2 potions of flight {unknown}
Comestibles
 b - 6 rations


   Skills:
 + Level 6.8 Fighting
 - Level 3.0 Dodging
 - Level 2.1 Stealth
 + Level 6.8 Unarmed Combat


You had 6 spell levels left.
You didn't know any spells.

Dungeon Overview and Level Annotations

Branches:
Dungeon (5/15)             Temple (1/1) D:4

Altars:
Ashenzari
Cheibriados
Dithmenos
Elyvilon
Gozag
Hepliaklqana
Nemelex Xobeh
Qazlal
Ru
Sif Muna
Uskayaw
Wu Jian
Xom
Zin


Innate Abilities, Weirdness & Mutations

Your body is rotting away.
You thrive on raw meat.
You are immune to poison.
You have sharp fingernails.
You are carnivorous and can eat meat at any time.
Your flesh is cold resistant. (rC+)
You are immune to negative energy. (rN+++)
You do not regenerate when monsters are visible.
You are immune to unholy pain and torment.
You can survive without breathing.


Message History

The big kobold zombie hits you but does no damage.
You scratch the big kobold zombie but do no damage.
You claw the big kobold zombie.
The big kobold zombie is almost destroyed.
The big kobold zombie hits you.
* * * LOW HITPOINT WARNING * * *
You barely miss the big kobold zombie.
The big kobold zombie is almost destroyed.
You barely miss the big kobold zombie.
The big kobold zombie is almost destroyed.
The big kobold zombie hits you.
* * * LOW HITPOINT WARNING * * *
You closely miss the big kobold zombie.
The big kobold zombie is almost destroyed.
The big kobold zombie closely misses you.
You barely miss the big kobold zombie. You claw the big kobold zombie.
The big kobold zombie is almost destroyed.
You eat one of the 7 rations.
That ration really hit the spot!
The big kobold zombie hits you.
You die...

........#
......#
#....#
#....#
#....#
#....#
#....#
#Z...#
#@...#
#....#
#.∩∩.#
######


You could see a big kobold zombie.

Vanquished Creatures
  The ghost of cellescent the Cutter, a novice KoWn (D:4)
  Purgy (Sewer)
  An orc priest (D:3)
  A hound (D:4)
  A worker ant (D:4)
  2 orc wizards
  2 mummies (Ossuary)
  A gnoll (D:1)
  3 adders
  2 worms
  3 dart slugs
  5 leopard geckos
  6 orcs
  11 bats
  9 giant cockroaches
  A gnoll zombie (Ossuary)
  4 goblins
  4 hobgoblins
  4 jackals (D:1)
  A quokka (D:3)
  3 ball pythons
  A frilled lizard (D:2)
  3 hobgoblin zombies (Ossuary)
  A jackal skeleton (D:4)
  6 kobolds
  A kobold zombie (Ossuary)
  2 orc zombies (Ossuary)
  6 rats
86 creatures vanquished.

Notes
Turn   | Place    | Note
-------+----------+-------------------------------------------
     0 | D:1      | CanOfBees the Ghoul Monk began the quest for the Orb.
     0 | D:1      | Reached XP level 1. HP: 19/19 MP: 0/0
   239 | D:1      | Reached XP level 2. HP: 26/26 MP: 1/1
   369 | D:1      | Reached XP level 3. HP: 31/33 MP: 2/2
   992 | D:2      | Reached XP level 4. HP: 18/40 MP: 3/3
  1655 | D:3      | Found a glowing drain.
  1680 | Sewer    | Entered a sewer
  1746 | Sewer    | Noticed Purgy
  1757 | Sewer    | Killed Purgy
  1757 | Sewer    | Reached skill level 5 in Fighting
  1757 | Sewer    | Reached skill level 5 in Unarmed Combat
  1757 | Sewer    | Reached XP level 5. HP: 42/48 MP: 4/4
  1783 | Sewer    | Got an ichor-stained falchion
  1787 | Sewer    | Identified the +9 falchion of Fate {slice, +Blink rElec rC- MP+9} (You found it in a sewer)
  1935 | D:3      | Reached XP level 6. HP: 33/56 MP: 5/5
  2279 | D:4      | Noticed cellescent's ghost (novice KoWn)
  2306 | D:4      | Killed cellescent's ghost
  2306 | D:4      | Reached XP level 7. HP: 40/64 MP: 6/6
  2387 | D:4      | Found a staircase to the Ecumenical Temple.
  2415 | Temple   | Entered the Ecumenical Temple
  2770 | D:4      | Found a sparkling altar of Nemelex Xobeh.
  3242 | D:5      | Entered Level 5 of the Dungeon
  3264 | D:5      | Found a sand-covered staircase.
  3270 | Ossuary  | Entered an ossuary
  3498 | Ossuary  | HP: 1/64 [big kobold zombie (4)]
  3501 | Ossuary  | Slain by a big kobold zombie

Vault maps used:
D:1:      scummos_arrival_star
D:3:      first_ration, gup_sewer_entry_pipe, hex_tiny
D:4:      lemuel_coloured_pillars_altar, minmay_temple_entry_steel_oval
D:5:      kennysheep_windowed_halls, grunt_temple_overflow_bloody_war,
          gup_ossuary_entry_pyramid
Temple:   nicolae_temple_figure_eight
Sewer:    sewer_big_baddie
Ossuary:  ossuary_tomb_3

Skill      XL: |  1  2  3  4  5  6 |
---------------+-------------------+-----
Dodging        | 3 |  3.0
Unarmed Combat | 4 5 6 |  6.8
Fighting       | 4 5 6 |  6.8
Stealth        | |  2.1

Action                   |  1- 3 |  4- 6 |  7- 9 || total
-------------------------+-------+-------+-------++-------
Melee: Unarmed           |   100 |   102 |    90 ||   292
       Punch             |     1 |     1 |     4 ||     6
  Use: Scroll            |       |     4 |       ||     4
       Potion            |       |     2 |       ||     2
 Stab: Sleeping          |     5 |     2 |       ||     7
  Eat: Chunk             |    24 |    20 |     7 ||    51
       Ration            |       |       |     4 ||     4
Armor: Robe              |    12 |       |       ||    12
       Ring mail         |    13 |    68 |    15 ||    96
Dodge: Dodged            |    83 |    95 |    41 ||   219

Table legend:
 A = Spawn XP
 B = Non-spawn XP
 C = Spawn XP percentage of total XP
 D = Spawn monster count
 E = Non-spawn monster count
 F = Spawn count percentage of total count
 G = Total turns spent on level
                    A         B        C        D         E        F      G
               +---------+---------+-------+---------+---------+-------+---------
         Total |       0 |     885 |   0.0 |       0 |      86 |   0.0 |  3501
               +---------+---------+-------+---------+---------+-------+---------
           D:1 |       0 |      64 |   0.0 |       0 |      29 |   0.0 |   817
           D:2 |       0 |      30 |   0.0 |       0 |       9 |   0.0 |   625
           D:3 |       0 |     124 |   0.0 |       0 |      20 |   0.0 |   697
           D:4 |       0 |     470 |   0.0 |       0 |      13 |   0.0 |   777
         Sewer |       0 |     150 |   0.0 |       0 |       6 |   0.0 |   131
       Ossuary |       0 |      47 |   0.0 |       0 |       9 |   0.0 |   231
               +---------+---------+-------+---------+---------+-------+---------
